 Dungeon Crawl Stone Soup version 0.29.1-13-g9f3cf754e1 (webtiles) character file.

Game seed: 14454909202847441562

18679 DoIIoM the Summoner (level 12, -10/95 HPs)
             Began as an Octopode Summoner on Jan 19, 2023.
             Was a Priest of Vehumet.
             Hit by a large rock thrown by a stone giant (43 damage)
             ... on level 10 of the Dungeon.
             The game lasted 00:56:06 (18210 turns).

DoIIoM the Summoner (Octopode Summoner)            Turns: 18210, Time: 00:56:06

Health: -10/95     AC:  1    Str:  6    XL:     12   Next: 61%
Magic:  12/25      EV: 13    Int: 24    God:    Vehumet [***...]
Gold:   788        SH:  0    Dex: 18    Spells: 12/30 levels left

rFire   . . .      SeeInvis +   I - +11 quarterstaff "Inuffad" {venom, rElec}
rCold   . . .      Faith    .   (shield currently unavailable)
rNeg    + + .      Spirit   .   (helmet restricted)
rPois   .          Reflect  .   x - amulet of magic regeneration
rElec   +          Harm     .   r - ring of see invisible
rCorr   +          Rampage  .   z - +6 ring of dexterity
Will    .....                   A - ring of resist corrosion
Stlth   ++++......              E - ring "Negor" {rElec Int+2 SInv}
HPRegen 0.25/turn               G - ring of positive energy
MPRegen 0.59/turn               P - ring of positive energy
                                (no ring)
                                (no ring)

@: no status effects
A: almost no armour, amphibious, 8 rings, camouflage 1, gelatinous body 1,
(nimble swimmer 1), tentacles, sense surroundings 1, robust 1, weak 1
a: Renounce Religion


You were on level 10 of the Dungeon.
You worshipped Vehumet.
Vehumet was most pleased with you.
You visited 2 branches of the dungeon, and saw 11 of its levels.
You also visited: Sewer.

You collected 788 gold pieces.

Inventory:

Hand Weapons
 d - a +0 whip
 y - a +3 mace
 I - the +11 quarterstaff "Inuffad" (weapon) {venom, rElec}
   (You found it on level 7 of the Dungeon)

   It poisons the flesh of those it strikes.
   rElec:     It insulates you from electricity.
Missiles
 J - 2 throwing nets
Magical Staves
 o - a staff of fire
Jewellery
 r - a ring of see invisible (left tentacle)
 x - an amulet of magic regeneration (around mantle)
 z - a +6 ring of dexterity (right tentacle)
 A - a ring of resist corrosion (on tentacle)
 E - the ring "Negor" (on tentacle) {rElec Int+2 SInv}
   (You took it off a gnoll on level 7 of the Dungeon)

   [ring of see invisible]

   Int:       It affects your intelligence (+2).
   rElec:     It insulates you from electricity.
   SInv:      It lets you see invisible.
 G - a ring of positive energy (on tentacle)
 P - a ring of positive energy (on tentacle)
Wands
 v - a wand of flame (39)
 D - a wand of acid (3)
 K - a wand of polymorph (5)
 R - a wand of iceblast (4)
Scrolls
 e - 8 scrolls of teleportation
 g - a scroll of noise {unknown}
 i - 4 scrolls of enchant armour {unknown}
 n - 3 scrolls of blinking
 q - a scroll of enchant weapon {unknown}
 s - 2 scrolls of magic mapping {unknown}
 t - a scroll of summoning {unknown}
 B - a scroll of vulnerability {unknown}
 C - 2 scrolls of torment {unknown}
 F - a scroll of immolation {unknown}
 M - a scroll of fog {unknown}
 N - 2 scrolls of silence
 O - a scroll of brand weapon {unknown}
 Q - a scroll of fear {unknown}
 S - a scroll of amnesia {unknown}
Potions
 a - 2 potions of magic
 b - a potion of invisibility
 c - a potion of heal wounds
 f - 3 potions of flight
 h - 4 potions of cancellation {unknown}
 j - a potion of lignification {unknown}
 k - 3 potions of mutation
 l - a potion of ambrosia {unknown}
 m - 3 potions of attraction {unknown}
 p - 4 potions of might
 u - a potion of berserk rage
 w - 4 potions of curing
 H - a potion of brilliance
 L - 4 potions of haste
 T - a potion of resistance


   Skills:
 + Level 10.1 Fighting
 - Level 2.0 Dodging
 - Level 5.0 Stealth
 + Level 9.5 Spellcasting
 + Level 5.3 Conjurations
 - Level 10.1 Summonings
 + Level 3.8 Fire Magic
 + Level 9.0 Air Magic


You had 12 spell levels left.
You knew the following spells:

 Your Spells              Type           Power      Damage    Failure   Level
a - Summon Small Mammal   Summ           100%       N/A       1%          1
b - Call Imp              Summ           56%        N/A       1%          2
c - Call Canine Familiar  Summ           56%        N/A       1%          3
d - Summon Guardian Gole  Hex/Summ       35%        N/A       1%          3
e - Summon Lightning Spi  Summ/Air       55%        N/A       1%          4
f - Lightning Bolt        Conj/Air       22%        1d38      2%          5

Your spell library contained the following spells:

 Spells                   Type           Power      Damage    Failure   Level
 Sticky Flame             Conj/Fire      33%        2d5       2%          4
 Poisonous Vapours        Pois/Air       66%        N/A       1%          2
 Scorch                   Fire           58%        2d7       1%          2
 Static Discharge         Conj/Air       45%        3-9/arc   1%          2
 Flame Wave               Conj/Fire      33%        2d10      2%          4
 Beastly Appendage        Tmut           22%        N/A       5%          1
 Wereblood                Tmut           11%        N/A       9%          2
 Summon Cactus Giant      Summ           28%        N/A       13%         6
 Corpse Rot               Necr/Pois/Air  25%        N/A       16%         4
 Spider Form              Tmut/Pois      11%        N/A       17%         3
 Maxwell's Capacitive Co  Air            26%        ∞         88%         8
 Malign Gateway           Summ/Tloc      17%        N/A       99%         7
 Summon Horrible Things   Summ           28%        N/A       99%         8


Dungeon Overview and Level Annotations

Branches:
Dungeon (10/15)            Temple (1/1) D:4            Lair (0/5) D:8
    Orc (0/2) D:10          Sewer (visited)

Altars:
Ashenzari
Cheibriados
Dithmenos
Elyvilon
Fedhas
Gozag
Hepliaklqana
Kikubaaqudgha
Makhleb
Nemelex Xobeh
Okawaru
Qazlal
Ru
Sif Muna
Trog
Uskayaw
Vehumet
Wu Jian
Xom
Yredelemnul
Zin
The Shining One
Lugonu

Shops:
D:3 :   D:8 [*

Portals:
Abyss: D:9


Innate Abilities, Weirdness & Mutations

You cannot wear most types of armour.
You are amphibious.
You can wear up to eight rings at the same time.
Your skin changes colour to match your surroundings (Stealth+).
Your rubbery body absorbs attacks. (AC +1, EV +1)
((You are camouflaged when in or above water. (Stealth+)))
You have tentacles for arms and can constrict up to eight enemies at once.
You passively map a small area around you.
You are robust. (+10% HP)
You are weak. (Str -2)


Message History

Something stings your crimson imp. Flame seeps out of your guardian golem.
The stone giant throws a large rock.
The large rock hits your guardian golem!!
Your guardian golem disappears in a puff of smoke!
Your guardian golem explodes!
Vehumet accepts your kill.
You feel a bit more experienced.
The fiery explosion engulfs your lightning spire but does no damage.
The fiery explosion engulfs the stone giant!
The fiery explosion engulfs your crimson imp.
Your crimson imp completely resists.
An orc wizard comes into view. It is wielding a +0 short sword.
You hear two shouts!
You hear a shout!
You hear a skittering sound.
You hear a shout!
Unknown command.
Casting: Call Canine Familiar (safe; 1% risk of failure)
Confirm with . or Enter, or press ? or * to list all spells.
A guardian golem appears, shielding your allies.
The stone giant is engulfed in blazing flames.
Unknown command.
A gargoyle comes into view. It is wielding a +2 vorpal morningstar.
Your crimson imp blinks!
The stone giant throws a large rock.
The large rock hits you!!!
Ouch! That really hurt!
Your guardian golem is engulfed in blazing flames.
You hear a shout!
Unknown command.
Something hits your guardian golem!!
The orc wizard mumbles some strange words.
The orc wizard flickers and vanishes for a moment.
Your guardian golem is engulfed in blazing flames.
Casting: Summon Guardian Golem (safe; 1% risk of failure)
Confirm with . or Enter, or press ? or * to list all spells.
A beastly little devil appears in a puff of flame.
The stone giant is engulfed in blazing flames.
The stone giant hits you!
Unknown command.
The stone giant is engulfed in blazing flames.
The stone giant throws a large rock.
The large rock hits you!!!
You die...

#.....#....# .# ,, #. * ,
#.5#.##....## .# #. .
#.<#.# #....## .####. .. ,
...#.####....##,.... ^.. *
#.##....#5#...###9o###...#
..#####...###...##§#...#
### ###...###...98h#
###...####C### ##..5@..#
########


You could see a stone giant (ally target), a friendly wolf (summoned,
sheltered), a friendly lightning spire (summoned, sheltered) and a friendly
crimson imp (summoned).

Vanquished Creatures
  A shadow (D:10)
  5 wyverns
  A black bear (D:5)
  3 wolves
  2 centaurs (D:10)
  2 phantoms
  2 kobold brigands (D:10)
  A necrophage (D:4)
  4 killer bees
  2 howler monkeys
  A nameless horror (D:6)
  A jelly (D:8)
  3 hounds (D:8)
  2 iguanas
  2 orc wizards
  3 ogre zombies (D:10)
  9 gnolls
  7 adders
  A shadow imp (D:7)
  2 white imps
  An ufetubus (D:4)
  2 worms
  4 dart slugs
  13 orcs
  4 endoplasms
  8 goblins
  6 hobgoblins
  2 jackals (D:4)
  4 quokkas
  6 ball pythons
  6 bats
  8 frilled lizards
  3 goblin zombies (D:10)
  A hobgoblin zombie (D:10)
  7 kobolds
  3 orc skeletons (D:10)
  11 orc zombies (D:10)
  5 rats
148 creatures vanquished.

Vanquished Creatures (collateral kills)
  3 two-headed ogres
  Erica (D:8)
  A hydra (D:7)
  A skeletal warrior (D:7)
  A manticore (D:10)
  4 cyclopes
  Maurice (D:8)
  A nameless horror (D:6)
  An unseen horror (D:10)
  7 trolls
  2 slime creatures (D:7)
  2 wyverns
  A yak (D:10)
  Grum (D:10)
  3 steam dragons (D:7)
  An acid dragon (D:9)
  Duvessa (D:7)
  Pargi (Sewer)
  A black bear (D:6)
  3 orc warriors
  5 sky beasts
  3 ogres
  2 wolves (D:8)
  4 centaurs
  A phantom (D:6)
  5 kobold brigands
  2 bullfrogs (D:7)
  A necrophage (D:6)
  3 gnoll sergeants
  4 scorpions
  A wight (D:7)
  A troll zombie (D:10)
  6 killer bees (D:9)
  Dowan (D:7)
  3 vampire bats (D:5)
  2 electric eels (D:8)
  2 howler monkeys (D:8)
  A hound (D:6)
  A jelly (D:7)
  A gnoll bouda (D:7)
  6 orc priests
  2 iguanas
  3 orc wizards
  A statue (D:8)
  4 ogre zombies (D:10)
  14 gnolls
  3 adders
  A shadow imp (D:7)
  A white imp (D:6)
  An ufetubus (D:7)
  14 orcs
  2 bat zombies (D:7)
  2 endoplasms (D:3)
  2 hobgoblins
  A jackal (D:4)
  A quokka (D:3)
  A ball python (D:3)
  5 bats (D:5)
  A goblin skeleton (D:10)
  A hobgoblin skeleton (D:10)
  2 hobgoblin zombies (D:10)
  8 kobolds
  3 orc zombies (D:10)
  A rat (D:1)
166 creatures vanquished.

Vanquished Creatures (others)
  2 skeletal warriors (D:7)
  An ugly thing (D:9)
  2 kobold demonologists (D:9)
  A komodo dragon (D:7)
  2 steam dragons
  4 orc warriors
  A kobold brigand (D:9)
  2 gnoll sergeants
  A bullfrog (D:9)
  2 killer bees
  An orc priest (D:8)
  A gnoll bouda (D:8)
  An orc (D:8)
  2 kobolds
  2 fungi (D:6)
  A plant (D:7)
26 creatures vanquished.

Grand Total: 340 creatures vanquished

Notes
Turn   | Place    | Note
-------+----------+-------------------------------------------
     0 | D:1      | DoIIoM the Octopode Summoner began the quest for the Orb.
     0 | D:1      | Reached XP level 1. HP: 11/11 MP: 3/3
   410 | D:1      | Reached XP level 2. HP: 14/18 MP: 5/5
   413 | D:1      | Learned a level 2 spell: Call Imp
  1343 | D:2      | Reached skill level 1 in Fighting
  1649 | D:2      | Reached XP level 3. HP: 15/23 MP: 6/6
  1653 | D:2      | Learned a level 3 spell: Call Canine Familiar
  2596 | D:3      | Found Xueruoff's Book Shoppe.
  2761 | D:3      | Reached XP level 4. HP: 17/28 MP: 7/7
  3050 | D:3      | HP: 1/29 [adder (4)]
  3058 | D:3      | Reached XP level 5. HP: 15/34 MP: 9/9
  3472 | D:3      | Found a bloodstained altar of Trog.
  3649 | D:4      | Found a blossoming altar of Fedhas.
  3650 | D:4      | Found a shadowy altar of Dithmenos.
  3821 | D:4      | Found a broken altar of Ashenzari.
  3976 | D:4      | Reached XP level 6. HP: 16/41 MP: 2/10
  4234 | D:4      | Found a staircase to the Ecumenical Temple.
  4240 | Temple   | Entered the Ecumenical Temple
  4322 | D:4      | Gained mutation: You are weak. (Str -2) [potion of
                  | mutation]
  4322 | D:4      | Gained mutation: You are robust. (+10% HP) [potion of
                  | mutation]
  4322 | D:4      | Gained mutation: You passively map a small area around you.
                  | [potion of mutation]
  4323 | D:4      | Reached skill level 5 in Stealth
  4323 | D:4      | Reached skill level 5 in Summonings
  4644 | D:4      | Learned a level 3 spell: Summon Guardian Golem
  4666 | D:5      | Entered Level 5 of the Dungeon
  4789 | D:5      | Found a hazy altar of Hepliaklqana.
  4822 | D:5      | Found a glowing drain.
  4846 | D:5      | Reached XP level 7. HP: 15/50 MP: 10/12
  4918 | Sewer    | Entered a sewer
  5203 | Sewer    | Noticed Pargi
  5420 | Sewer    | Killed Pargi
  5797 | D:5      | Learned a level 4 spell: Summon Lightning Spire
  6019 | D:5      | Reached XP level 8. HP: 59/59 MP: 2/14
  6196 | D:5      | Reached skill level 1 in Air Magic
  6355 | D:5      | Found a sacrificial altar of Ru.
  7023 | D:6      | Reached skill level 5 in Spellcasting
  7054 | D:6      | Found an iron altar of Okawaru.
  7069 | D:6      | Reached skill level 5 in Fighting
  7191 | D:6      | Found a glowing silver altar of Zin.
  7212 | D:6      | Noticed a nameless horror
  7222 | D:6      | Killed a nameless horror
  7759 | D:6      | Found the +3 crown of Dyrovepreva {rElec Int+2 SInv}
  8483 | D:6      | Found a white marble altar of Elyvilon.
  8649 | D:6      | Reached XP level 9. HP: 32/68 MP: 5/17
  9816 | D:7      | Identified the ring "Negor" {rElec Int+2 SInv}
 10130 | D:7      | Found a shimmering blue altar of Sif Muna.
 10211 | D:7      | Reached skill level 5 in Air Magic
 10274 | D:7      | Noticed a six-headed hydra
 10275 | D:7      | Noticed a cyclops
 10275 | D:7      | Noticed a komodo dragon
 10275 | D:7      | Noticed a cyclops
 10281 | D:7      | Noticed Dowan
 10626 | D:7      | Reached XP level 10. HP: 65/78 MP: 16/20
 10716 | D:7      | Killed a cyclops
 10946 | D:7      | Identified the +11 quarterstaff "Inuffad" {venom, rElec}
 10955 | D:7      | Noticed Duvessa
 11055 | D:7      | Killed a cyclops
 11216 | D:7      | Noticed a skeletal warrior
 11216 | D:7      | Noticed a skeletal warrior
 11229 | D:7      | Noticed a skeletal warrior
 11230 | D:7      | Killed a skeletal warrior
 11235 | D:7      | Killed a skeletal warrior
 11246 | D:7      | Killed a skeletal warrior
 11511 | D:7      | Reached XP level 11. HP: 66/85 MP: 13/22
 11634 | D:7      | Killed Dowan
 11645 | D:7      | Killed Duvessa
 11814 | D:7      | Found an ancient bone altar of Kikubaaqudgha.
 11855 | D:7      | Found a glowing golden altar of the Shining One.
 11950 | D:7      | Learned a level 5 spell: Lightning Bolt
 12451 | D:8      | Reached skill level 1 in Conjurations
 12648 | D:7      | Killed a six-headed hydra
 12881 | D:8      | Noticed Maurice
 12903 | D:8      | Killed Maurice
 12960 | D:8      | Noticed a two-headed ogre
 12969 | D:8      | Killed a two-headed ogre
 13078 | D:8      | Found a snail-covered altar of Cheibriados.
 13104 | D:8      | Found Busanup's Armour Shop.
 13298 | D:8      | Found a radiant altar of Vehumet.
 13326 | D:8      | Became a worshipper of Vehumet
 13357 | D:8      | Found an ornate altar of the Wu Jian Council.
 13375 | D:8      | Found a staircase to the Lair.
 13394 | D:8      | Noticed Erica
 13694 | D:8      | Found Evooxeon's Demolitions Depot.
 13821 | D:8      | Killed Erica
 13822 | D:8      | Reached skill level 10 in Summonings
 14145 | D:9      | Noticed a two-headed ogre
 14156 | D:9      | Killed a two-headed ogre
 14192 | D:9      | Reached * piety under Vehumet
 14192 | D:9      | Offered knowledge of Shock by Vehumet.
 14517 | D:9      | Noticed a two-headed ogre
 14521 | D:9      | Killed a two-headed ogre
 14522 | D:9      | Reached skill level 1 in Fire Magic
 14774 | D:9      | Found a sparkling altar of Nemelex Xobeh.
 14798 | D:9      | Noticed a green ugly thing
 14842 | D:9      | Noticed a cyclops
 14857 | D:9      | Killed a cyclops
 14858 | D:9      | Reached XP level 12. HP: 94/94 MP: 15/24
 15666 | D:9      | Found a large runed translucent door.
 15666 | D:9      | Found a large runed translucent door.
 15670 | D:9      | Found a corrupted altar of Lugonu.
 15684 | D:9      | Identified the +7 dagger of Qazlal's Fury {distort, Dex+4}
 15709 | D:9      | Found a one-way gate to the infinite horrors of the Abyss.
 16088 | D:9      | Offered knowledge of Freeze by Vehumet.
 16189 | D:10     | Entered Level 10 of the Dungeon
 16200 | D:10     | Noticed Grum
 16202 | D:10     | Killed Grum
 16202 | D:10     | Reached ** piety under Vehumet
 16420 | D:10     | Offered knowledge of Mephitic Cloud by Vehumet.
 16471 | D:10     | Reached *** piety under Vehumet
 16545 | D:10     | Found a staircase to the Orcish Mines.
 17238 | D:10     | Reached skill level 5 in Conjurations
 17324 | D:10     | Offered knowledge of Sticky Flame by Vehumet.
 17325 | D:10     | Reached skill level 10 in Fighting
 18197 | D:10     | Noticed a stone giant
 18210 | D:10     | Hit by a large rock thrown by a stone giant

Illustrated notes

Levels and vault maps discovered:
D:1:      shiori_arrival_maze, layout_basic
D:2:      layout_basic
D:3:      layout_rooms, lightli_temple_of_fire, serial_shops, shop,
          wad_floor_pattern_untrapped, chequers_arboretum
D:4:      layout_rooms, nicolae_ashenzari_panopticon,
          mainiacjoe_overflow_divided_tiny, temple_green
D:5:      layout_basic, lemuel_tele_altar, mainiacjoe_overflow_brackets,
          serial_corexii_hall, corexii_hall_statues_l,
          chequers_hall_statues_wall_a, corexii_hall_statues_u,
          corexii_hall_statues_deadend, corexii_hall_statues_deadend,
          chequers_hall_statues_corner_a, gup_sewer_entry_glass,
          ebering_dispersal_statue_hall, minmay_holes, roderic_batcave
D:6:      layout_loops_ring, elyvilon_altar_1, okawaru_ov_weapons_minmay,
          mainiacjoe_overflow_alcove_1
D:7:      minmay_the_grid_octo_tiled_octocenter
          [minmay_the_grid_octo_tetromino_candy, minmay_the_grid_octo_checkered,
          minmay_the_grid_octo_fat_diamond, minmay_the_grid_octo_focus,
          minmay_the_grid_octo_prize_big_c, minmay_the_grid_square_5x5_forky,
          minmay_the_grid_square_5x5_hourglass,
          minmay_the_grid_square_5x5_slash, minmay_the_grid_square_5x5_shrine1],
          layout_gridville, lemuel_zombie_altar_kikubaaqudgha, tso_oasis_becter,
          amcnicky_mini_pool_small, uniq_duvessa
D:8:      layout_basic, kennysheep_slug_shrine, nicolae_wu_jian_glorious_leap,
          vehumet_statue, erik_lair_island, serial_shops, shop, enter_bailey_3,
          nicolae_ossuary_entry_plus, hex_intersection, nicolae_blasting_shop,
          uniq_maurice, uniq_erica
D:9:      due_chaos_kobolds, layout_basic, nemelex_xobeh_ov_fountains_minmay,
          lightli_minifort
D:10:     minmay_octagon_keep, layout_loops_ring, zombieorc2_lemuel,
          nzn_random_ring, uniq_grum
Temple:   corrupted_temple

Skill      XL: |  1  2  3  4  5  6  7  8  9 10 11 12 |
---------------+-------------------------------------+-----
Stealth        | 3 4 5 |  5.0
Fighting       | 1 2 3 4 5 7 8 9 10 | 10.1
Spellcasting   | 3 4 5 6 7 8 9 |  9.5
Summonings     | 5 6 7 8 9 10 | 10.1
Air Magic      | 3 5 6 8 9 |  9.0
Conjurations   | 3 5 |  5.3
Fire Magic     | 1 3 |  3.8
Dodging        | |  2.0

Action                   |  1- 3 |  4- 6 |  7- 9 | 10-12 || total
-------------------------+-------+-------+-------+-------++-------
Melee: Unarmed           |    10 |       |       |       ||    10
       Whip              |    63 |    95 |    66 |       ||   224
       Constrict         |    19 |    20 |    21 |    25 ||    85
       Tentacles         |    19 |    25 |    25 |    20 ||    89
       Punch             |     2 |     1 |     4 |     1 ||     8
       Mace              |       |       |    39 |       ||    39
       Quarterstaff      |       |       |       |    98 ||    98
 Cast: Summon Small Mamm |     2 |     1 |     1 |       ||     4
       Call Imp          |     2 |    14 |    34 |    46 ||    96
       Call Canine Famil |       |     6 |    32 |    53 ||    91
       Summon Guardian G |       |       |    16 |    49 ||    65
       Summon Lightning  |       |       |    22 |    70 ||    92
       Lightning Bolt    |       |       |       |    12 ||    12
Evoke: Wand              |       |       |     1 |       ||     1
  Use: Scroll            |     4 |       |     3 |     7 ||    14
       Potion            |       |     4 |     8 |     3 ||    15
 Stab: Sleeping          |    10 |     7 |     7 |     3 ||    27
       Distracted        |       |     1 |       |     7 ||     8
Armor: Skin              |     5 |     4 |    11 |    11 ||    31
Dodge: Dodged            |    45 |    61 |   122 |    89 ||   317
